 Dungeon Crawl Stone Soup version 0.31-a0-222-gefeffbb62a (webtiles) character file.

Game seed: 9806020385814877185

196 Ijustatesigmund the Stinger (level 5, -1/34 HPs)
             Began as an Octopode Venom Mage on July 5, 2023.
             Slain by an orc wizard
             ... wielding a +0 dagger
              (3 damage)
             ... on level 4 of the Dungeon.
             The game lasted 00:04:59 (4463 turns).

Ijustatesigmund the Stinger (Octopode Venom Mage)   Turns: 4463, Time: 00:05:00

Health: -1/34      AC:  1    Str:  5 (7)  XL:     5   Next: 74%
Magic:  9/9        EV: 13    Int: 17 (19) God:
Gold:   107        SH:  0    Dex: 11 (13) Spells: 4/10 levels left

rFire   + . .        c - +0 war axe
rCold   + . .        (no shield)
rNeg    . . .        (helmet restricted)
rPois   +            (no amulet)
rElec   +            (no ring)
rCorr   +            (no ring)
SInv    .            (no ring)
Will    .....        (no ring)
Stlth   +++          (no ring)
HPRegen 0.25/turn    (no ring)
MPRegen 0.11/turn    (no ring)
                     (no ring)

%: no passive effects
@: mighty, resistant
A: almost no armour, amphibious, 8 rings, camouflage 1, gelatinous body 1,
(nimble swimmer 1), tentacles
a: no special abilities


You were on level 4 of the Dungeon.
You visited 1 branch of the dungeon, and saw 4 of its levels.

You collected 107 gold pieces.

Inventory:

Hand Weapons
 c - a +0 war axe (weapon)
Scrolls
 f - a scroll of enchant armour
Potions
 a - a potion of magic
 e - a potion of cancellation


   Skills:
 + Level 2.2 Fighting
 - Level 2.0 Dodging
 - Level 2.6 Stealth
 + Level 3.0 Spellcasting
 + Level 1.7 Conjurations
 - Level 1.0 Transmutations
 + Level 2.0 Air Magic
 + Level 4.7 Poison Magic


You had 4 spell levels left.
You knew the following spells:

 Your Spells              Type           Power      Damage    Failure   Level
a - Sting                 Tmut/Pois      48%        1d5       5%          1
b - Poisonous Vapours     Pois/Air       28%        N/A       7%          2
c - Mephitic Cloud        Conj/Pois/Air  12%        N/A       16%         3

Your spell library contained the following spells:

 Spells                   Type           Power      Damage    Failure   Level
 Static Discharge         Conj/Air       16%        2-3/arc   12%         2
 Olgreb's Toxic Radiance  Pois           18%        N/A       24%         4
 Gell's Gravitas          Tloc           2%         N/A       45%         3
 Teleport Other           Tloc           2%         N/A       45%         3
 Airstrike                Air            4%         2d(1-17)  58%         4
 Summon Lightning Spire   Summ/Air       6%         N/A       75%         4
 Dispersal                Tloc           1%         N/A       100%        6


Dungeon Overview and Level Annotations

Branches:
Dungeon (4/15)
 Temple: D:4-7

Altars:
Kikubaaqudgha


Innate Abilities, Weirdness & Mutations

You cannot wear most types of armour.
You are amphibious.
You can wear up to eight rings at the same time.
Your skin changes colour to match your surroundings (Stealth+).
Your rubbery body absorbs attacks. (AC +1, EV +1)
((You are camouflaged when in or above water. (Stealth+)))
You have tentacles for arms and can constrict up to eight enemies at once.


Message History

The gnoll closely misses you.
You hit the gnoll. Your grab misses the gnoll.
The gnoll is moderately wounded.
The gnoll barely misses you.
You closely miss the gnoll. Your grab misses the gnoll.
The gnoll is moderately wounded.
The gnoll barely misses you. The gnoll misses you.
You slash the gnoll!
You kill the gnoll!
Your Air Magic skill increases to level 2!
You barely miss something. Your squeeze misses something.
Something hits you. x2
You closely miss something. Something hits you.
You barely miss something. Something hits you. x2
You closely miss something. Your squeeze misses something.
You hear some strange, mumbled words.
Something tries to affect you, but you resist.
You hit something but do no damage.
You hear some strange, mumbled words.
Something tries to affect you, but you resist.
You hear some strange, mumbled words.
A magic dart appears from out of thin air!
The magic dart hits you.
* * * LOW HITPOINT WARNING * * *
You barely miss something. Something hits you.
* * * LOW HITPOINT WARNING * * *
You miss something. Something hits you but does no damage.
An orc priest comes into view. It is wielding a +0 trident.
Something hits you.
* * * LOW HITPOINT WARNING * * *
You miss something.
The orc priest shouts!
The orc priest closely misses you. Something hits you.
* * * LOW HITPOINT WARNING * * *
Unknown command.
It was a potion of might.
You feel very mighty all of a sudden.
The orc priest mumbles some strange prayers to Beogh against you.
Something writhes in agony.
Something completely misses you.
You hit something. The orc priest closely misses you. Something hits you.
You die...

........#.######.#
.$......)g....#
..#####..o###g#
..# #......##o#
.## #'###.###.# .
.. o.# #g#### . .
### #.##.##### .
#.##.....#
#.##@###.# #<##{#
#.# #..o.# #.#
###### #.# #.# #.#
#.# #.# #.#


You could see an orc priest.

Vanquished Creatures
  2 orc priests (D:4)
  Jessica (D:3)
  4 gnolls (D:4)
  3 adders (D:3)
  2 worms (D:2)
  A dart slug (D:1)
  An orc (D:4)
  3 ball pythons
  2 endoplasms
  2 giant cockroaches
  3 hobgoblins
  3 jackals (D:3)
  7 kobolds
  3 quokkas
  3 frilled lizards
  3 goblins
  3 rats
46 creatures vanquished.

Notes
Turn   | Place    | Note
-------+----------+-------------------------------------------
     0 | D:1      | Ijustatesigmund the Octopode Venom Mage began the quest for
                  | the Orb.
     0 | D:1      | Reached XP level 1. HP: 11/11 MP: 3/3
   168 | D:1      | Found a faded altar of an unknown god.
   455 | D:1      | Reached XP level 2. HP: 4/18 MP: 0/5
   619 | D:1      | Learned a level 2 spell: Poisonous Vapours
  1027 | D:2      | Reached skill level 1 in Fighting
  1137 | D:2      | Reached skill level 4 in Poison Magic
  1611 | D:2      | Reached XP level 3. HP: 23/23 MP: 3/6
  1615 | D:2      | Learned a level 3 spell: Mephitic Cloud
  2322 | D:3      | Reached skill level 1 in Air Magic
  2513 | D:3      | Noticed Jessica
  2519 | D:3      | Killed Jessica
  2520 | D:3      | Reached XP level 4. HP: 18/28 MP: 2/7
  2699 | D:3      | Reached skill level 1 in Conjurations
  2855 | D:3      | Found an ancient bone altar of Kikubaaqudgha.
  3441 | D:4      | Reached XP level 5. HP: 34/34 MP: 3/9
  4461 | D:4      | HP: 1/34 [something (2)]
  4463 | D:4      | Slain by an orc wizard

Illustrated notes

Levels and vault maps discovered:
D:1:      dpeg_arrival_round_a, layout_basic,
          hellmonk_ecumenical_altar_slurped_away
D:2:      layout_basic
D:3:      layout_loops_corners, general_overflow_altar, uniq_jessica
D:4:      layout_basic, amcnicky_mini_corridor_feature, grunt_ministairs_7

Skill      XL: |  1  2  3  4  5 |
---------------+----------------+-----
Fighting       | 1 2 |  2.2
Poison Magic   | 4 |  4.7
Air Magic      | 1 2 |  2.0
Conjurations   | 1 |  1.7
Spellcasting   | 3 |  3.0
Dodging        | |  2.0
Stealth        | |  2.6
Transmutations | |  1.0

Action                     |  1- 3 |  4- 6 || total
---------------------------+-------+-------++-------
  Melee: Whip              |    27 |       ||    27
         Tentacles         |     6 |    11 ||    17
         Constrict         |     8 |     8 ||    16
         War axe           |     5 |    56 ||    61
   Cast: Sting             |     9 |     1 ||    10
         Poisonous Vapours |    26 |    11 ||    37
         Mephitic Cloud    |       |     1 ||     1
    Use: Scroll            |     1 |     6 ||     7
         Potion            |       |     6 ||     6
   Stab: Sleeping          |       |     3 ||     3
         Confused          |       |     1 ||     1
 Armour: Skin              |     2 |     2 ||     4
  Dodge: Dodged            |    15 |    41 ||    56

Table legend: (Time is in decaauts)
 A = Elapsed time spent in this place.
 B = Non-inter-level travel time spent in this place.
 C = Inter-level travel time spent in this place.
 D = Time resting spent in this place.
 E = Time spent auto-exploring this place.
 F = Levels seen in this place.
 G = Mean time per level.
                   A        B        C        D        E       F      G
               +--------+--------+--------+--------+--------+-----+--------+
         Total |   4483 |   4284 |    199 |   1163 |   2680 |   4 | 1120.8 |
       Dungeon |   4483 |   4284 |    199 |   1163 |   2680 |   4 | 1120.8 |
               +--------+--------+--------+--------+--------+-----+--------+

Top non-repeatable levels by time:
     D:3: 2172 daAuts
     D:2: 1223 daAuts
     D:1: 820 daAuts
     D:4: 267 daAuts
